 Dungeon Crawl Stone Soup version 0.21-a0-369-g397cdb2 (webtiles) character file.

26416 wazuzu the Bludgeoner (level 13, -1/104 HPs)
             Began as a Hill Orc Fighter on Oct 15, 2017.
             Was an Elder of the Shining One.
             Killed from afar by an ice dragon (20 damage)
             ... with a blast of cold
             ... in an ice cave.
             The game lasted 00:57:35 (16369 turns).

wazuzu the Bludgeoner (Hill Orc Fighter)           Turns: 16369, Time: 00:57:36

Health: -1/104     AC: 16    Str: 28    XL:     13   Next: 25%
Magic:  18/18      EV: 14    Int:  8    God:    the Shining One [****..]
Gold:   606        SH:  0    Dex:  8    Spells: 11/12 levels left

rFire    . . .     SeeInvis +   d - +4 dire flail
rCold    + . .     Gourm    .   (shield currently unavailable)
rNeg     + + .     Faith    +   L - +3 ring mail {rC+}
rPois    .         Spirit   .   I - +1 helmet of Inviolability {*Slow Str+6}
rElec    .         Reflect  .   (no cloak)
rCorr    .         Harm     .   u - +0 pair of gloves
MR       ++...                  q - +1 pair of boots
Stlth    ..........             E - amulet of faith
HPRegen  0.27/turn              C - ring of protection from magic
MPRegen  0.16/turn              H - ring of see invisible

@: glowing
A: clumsy 1, frail 1, magic resistance 1, weak 1, MP-powered wands
a: Divine Shield, Cleansing Flame, Renounce Religion


You were in an ice cave.
You worshipped the Shining One.
The Shining One was greatly pleased with you.
You were not hungry.

You visited 3 branches of the dungeon, and saw 15 of its levels.
You also visited: Ice Cave.

You collected 928 gold pieces.
You spent 322 gold pieces at shops.

Inventory:

Hand Weapons
 d - a +4 dire flail (weapon)
Armour
 c - a +0 shield
 q - a +1 pair of boots (worn)
 u - a +0 pair of gloves (worn)
 I - the +1 helmet of Inviolability (worn) {*Slow Str+6}
   (You found it on level 9 of the Dungeon)

   It affects your strength (+6).
   It may slow you when you take damage.
 L - a +3 ring mail of cold resistance (worn)
Jewellery
 j - a +3 ring of protection {unknown}
 k - an uncursed amulet of guardian spirit
 t - an uncursed ring of resist corrosion
 C - a ring of protection from magic (left hand)
 E - an amulet of faith (around neck)
 H - a ring of see invisible (right hand)
 J - an uncursed amulet of magic regeneration {unknown}
Wands
 e - a wand of iceblast (3/15)
 K - a wand of lightning (14/15)
 Q - a wand of iceblast (0/15)
Scrolls
 a - 2 scrolls of teleportation
 i - 3 scrolls of remove curse
 o - 2 scrolls of enchant weapon
 s - 3 scrolls of magic mapping
 y - a scroll of recharging
 O - a scroll of blinking
Potions
 b - a potion of invisibility
 l - a potion of heal wounds
 m - 2 potions of resistance
 v - a potion of curing
 A - 5 potions of flight
Books
 p - a book of Cantrips

   Spells                             Type                      Level
   a - Confusing Touch                Hexes                        1
   b - Animate Skeleton               Necromancy                   1
   c - Summon Small Mammal            Summoning                    1
   d - Apportation                    Translocation                1
 x - a book of Misfortune

   Spells                             Type                      Level
   a - Confusing Touch                Hexes                        1
   b - Confuse                        Hexes                        3
   c - Gell's Gravitas                Translocation                3
   d - Petrify                        Transmutation/Earth          4
   e - Metabolic Englaciation         Hexes/Ice                    5
   f - Yara's Violent Unravelling     Hexes/Transmutation          5
Comestibles
 f - 6 bread rations
 g - 15 fruits
 h - 6 royal jellies
 w - 5 meat rations


   Skills:
 + Level 11.2 Fighting
 - Level 16.0 Maces & Flails
 + Level 10.0 Armour
 + Level 7.2 Dodging
 - Level 3.2 Shields
 + Level 6.9 Invocations


You had 11 spell levels left.
You knew the following spells:

 Your Spells              Type           Power        Failure   Level  Hunger
a - Apportation           Tloc           #.....       52%         1    ##.....


Dungeon Overview and Level Annotations

Branches:
Dungeon (11/15)            Temple (1/1) D:7            Lair (3/6) D:11
 Shoals (0/4) Lair:3
  Snake: Lair:2-4    Spider: Lair:2-4       Orc: D:9-12

Altars:
Ashenzari
Cheibriados
Dithmenos
Elyvilon
Gozag
Hepliaklqana
Kikubaaqudgha
Makhleb
Okawaru
Qazlal
Trog
Uskayaw
Xom
Yredelemnul
Zin
The Shining One

Shops:
D:4 [   D:6 (   D:7 }(}(   D:11 *

Annotations:
Lair:1 exclusion: 3 oklob plants


Innate Abilities, Weirdness & Mutations

You are clumsy. (Dex -2)
You are frail. (-10% HP)
You are resistant to hostile enchantments. (MR+)
You are weak. (Str -2)
You expend magic power (3 MP) to strengthen your wands.


Message History

The ice dragon tramples you but does no damage.
The ice dragon bites you but does no damage.
The ice dragon claws you but does no damage.
The ice dragon tramples you!
You hold your ground!
You barely miss the ice dragon. The ice dragon bites you!
* * * LOW HITPOINT WARNING * * *
The ice dragon claws you.
* * * LOW HITPOINT WARNING * * *
The ice dragon misses you.
Unknown command.
You puncture the ice dragon!
The ice dragon is lightly wounded.
Your surroundings suddenly seem different.
The ice dragon breathes frost at you. The blast of cold hits you! You resist.
* * * LOW HITPOINT WARNING * * *
The ice dragon breathes frost at you.
The blast of cold hits the ice dragon.
The ice dragon resists.
The blast of cold hits you! You resist.
You die...

##..##.D.##....≈≈≈##
###...#..#..##..#≈≈≈#$
#..#.#.#.##..#.## ≈#$
##.#..#..####...# #$
#..####.## ##.##
##..###..# #.#.#
##..###.# ##..#
#...#..# ##.# #...@.##
#..# ##D..## ##.##
####D##..# #..# #
##..#..##.## ##.## ##
##.#.##.###.# #.#.# #.
#..#....##..# ##.## ##
##.#.#.####.## #..## #
#..##### #..## ##..#
## ##..# ##..## #..##
##.


You could see 2 ice dragons.

Vanquished Creatures
  Harold (D:11)
  2 hydras (Lair:1)
  Erica (D:11)
  A centaur warrior (D:10)
  4 two-headed ogres
  Sonja (D:11)
  An unseen horror (D:11)
  A deep elf mage (D:9)
  A cyclops (D:11)
  Joseph (Lair:1)
  A centaur zombie (D:11)
  A black mamba (Lair:2)
  2 spiny frogs (Lair:1)
  2 ice statues (IceCv)
  6 rime drakes
  4 komodo dragons
  A kobold demonologist (D:11)
  2 trolls
  Grinder (D:3)
  4 hippogriffs
  2 wyverns
  9 yaks
  4 hogs (D:9)
  A human (D:9)
  A hungry ghost (D:7)
  4 water moccasins
  Duvessa (D:7)
  A soldier ant (D:11)
  6 porcupines
  4 orc warriors
  15 ice beasts
  A hornet zombie (D:6)
  2 phantoms
  The ghost of Megalobster the Poker, an amateur GnWn (D:4)
  4 sky beasts
  A black bear (D:11)
  An eye of draining (D:10)
  2 necrophages
  5 ogres
  13 centaurs
  3 crocodiles
  Blork the orc (D:6)
  3 big kobolds
  14 bullfrogs
  A water moccasin zombie (D:6)
  Dowan (D:7)
  2 wyvern skeletons (D:9)
  3 scorpions
  15 killer bees
  8 wights (D:7)
  4 howler monkeys
  3 jellies
  5 crimson imps
  2 bullfrog skeletons
  6 hounds
  3 orc priests
  16 orc wizards
  Jessica (D:3)
  2 iguanas
  Natasha (thrice) (D:4)
  3 worker ants
  5 hell rats (Lair:1)
  A killer bee zombie (D:9)
  3 hound skeletons
  A worker ant zombie (D:5)
  4 gnolls
  6 river rats (Lair:1)
  10 adders
  A shadow imp (D:7)
  2 oozes
  3 worms
  A dart slug (D:1)
  11 leopard geckos
  41 orcs
  7 bats
  3 giant cockroaches
  9 goblins
  10 hobgoblins
  15 jackals
  24 kobolds
  11 quokkas
  A ball python (D:6)
  A frilled lizard (D:2)
  A leopard gecko zombie (D:8)
  A quokka zombie (D:9)
  15 rats
402 creatures vanquished.

Vanquished Creatures (others)
  18 fungi (D:11)
  16 plants
34 creatures vanquished.

Grand Total: 436 creatures vanquished

Notes
Turn   | Place    | Note
-------+----------+-------------------------------------------
     0 | D:1      | wazuzu the Hill Orc Fighter began the quest for the Orb.
     0 | D:1      | Reached XP level 1. HP: 19/19 MP: 1/1
   164 | D:1      | Reached skill level 3 in Maces & Flails
   164 | D:1      | Reached XP level 2. HP: 21/26 MP: 2/2
   451 | D:1      | Reached XP level 3. HP: 22/31 MP: 3/3
   949 | D:2      | Reached skill level 4 in Maces & Flails
  1093 | D:2      | Found a shimmering altar of Xom.
  1312 | D:2      | Reached XP level 4. HP: 32/39 MP: 4/4
  1353 | D:2      | Reached skill level 5 in Maces & Flails
  2133 | D:3      | Noticed Grinder
  2140 | D:3      | Paralysed by Grinder for 2 turns
  2143 | D:3      | Killed Grinder
  2143 | D:3      | Reached skill level 7 in Maces & Flails
  2143 | D:3      | Reached XP level 5. HP: 30/45 MP: 5/5
  2143 | D:3      | Reached XP level 6. HP: 34/51 MP: 6/6
  2854 | D:3      | Found a shattered altar of Ashenzari.
  3143 | D:3      | Noticed Jessica
  3156 | D:3      | Killed Jessica
  3372 | D:4      | Noticed Natasha
  3398 | D:4      | Killed Natasha
  3398 | D:4      | Reached skill level 8 in Maces & Flails
  3398 | D:4      | Reached XP level 7. HP: 28/57 MP: 7/7
  3624 | D:4      | Noticed Megalobster's ghost (amateur GnWn)
  3641 | D:4      | Killed Megalobster's ghost
  3655 | D:4      | Noticed Natasha
  3774 | D:4      | Killed Natasha
  4017 | D:4      | Found Venodd's Antique Armour Boutique.
  4069 | D:4      | Noticed Natasha
  4078 | D:4      | Killed Natasha
  4113 | D:4      | Reached skill level 9 in Maces & Flails
  4153 | D:5      | Entered Level 5 of the Dungeon
  4259 | D:5      | Learned a level 1 spell: Apportation
  4261 | D:5      | Learned a level 1 spell: Animate Skeleton
  4772 | D:5      | Reached XP level 8. HP: 62/62 MP: 8/8
  4828 | D:5      | Reached skill level 10 in Maces & Flails
  5118 | D:5      | Got a sapphire hand axe
  5119 | D:5      | Identified the +10 hand axe of Loerydeo {flame, *Contam rC+ rN+} (You found it on level 5 of the Dungeon)
  5168 | D:6      | Found Mikh's Antique Weapon Boutique.
  5283 | D:6      | Reached skill level 11 in Maces & Flails
  5675 | D:6      | Found a stormy altar of Qazlal.
  5678 | D:6      | Found an ancient bone altar of Kikubaaqudgha.
  5679 | D:6      | Found a white marble altar of Elyvilon.
  5679 | D:6      | Found an opulent altar of Gozag.
  5684 | D:6      | Found a hide-covered altar of Uskayaw.
  5684 | D:6      | Noticed Blork the orc
  5700 | D:6      | Killed Blork the orc
  5700 | D:6      | Reached skill level 12 in Maces & Flails
  5700 | D:6      | Reached XP level 9. HP: 55/68 MP: 9/9
  5719 | D:6      | Became a worshipper of Elyvilon the Healer
  5906 | D:7      | Found Jaremmot's Weapon Shoppe.
  5979 | D:6      | Bought a crystal dire flail for 225 gold pieces
  5979 | D:6      | Identified the +5 dire flail of Guile {vamp, +Inv rC- Str+3 SInv} (You bought it in a shop on level 6 of the Dungeon)
  6013 | D:7      | Gained mutation: You expend magic power (3 MP) to strengthen your wands. [mutagenic glow]
  6057 | D:7      | Gained mutation: You are covered in fur. (AC +1) [mutagenic meat]
  6170 | D:7      | Found Usoixaul's Weapon Emporium.
  6181 | D:7      | Noticed Dowan
  6184 | D:7      | Noticed Duvessa
  6209 | D:7      | Killed Duvessa
  6211 | D:7      | Killed Dowan
  6224 | D:7      | Found Meh Ifew's Gadget Shoppe.
  6360 | D:7      | Reached skill level 13 in Maces & Flails
  6860 | D:7      | Found Qeawkase's Gadget Emporium.
  6866 | D:7      | Found a staircase to the Ecumenical Temple.
  6885 | Temple   | Entered the Ecumenical Temple
  6927 | Temple   | Fell from the grace of Elyvilon
  6927 | Temple   | Became a worshipper of the Shining One
  7293 | D:7      | Found Xinoiv Kyne's Antique Weapon Shop.
  7452 | D:8      | Reached skill level 14 in Maces & Flails
  7501 | D:8      | Reached * piety under the Shining One
  7552 | D:8      | Reached XP level 10. HP: 56/77 MP: 10/10
  7906 | D:8      | Noticed a two-headed ogre
  7929 | D:8      | Killed a two-headed ogre
  7929 | D:8      | Reached skill level 15 in Maces & Flails
  8330 | D:9      | Noticed a deep elf mage
  8337 | D:9      | Killed a deep elf mage
  8341 | D:9      | Reached ** piety under the Shining One
  8358 | D:9      | Reached skill level 16 in Maces & Flails
  8376 | D:9      | Noticed a two-headed ogre
  8388 | D:9      | Killed a two-headed ogre
  8388 | D:9      | Reached skill level 1 in Dodging
  8404 | D:9      | Gained mutation: You are clumsy. (Dex -2) [mutagenic meat]
  8406 | D:9      | Gained mutation: You are weak. (Str -2) [mutagenic meat]
  8408 | D:9      | Gained mutation: Your mind is acute. (Int +2) [mutagenic meat]
  8409 | D:9      | Gained mutation: You are frail. (-10% HP) [mutagenic meat]
  8512 | D:9      | Reached skill level 5 in Fighting
  8512 | D:9      | Reached XP level 11. HP: 50/77 MP: 11/11
  8602 | D:9      | Got an encrusted helmet
  8613 | D:9      | Identified the +1 helmet of Inviolability {*Slow Str+6} (You found it on level 9 of the Dungeon)
  8663 | D:9      | Reached skill level 5 in Armour
  9129 | D:9      | Noticed a two-headed ogre
  9138 | D:9      | Killed a two-headed ogre
  9296 | D:9      | Noticed a two-headed ogre
  9303 | D:9      | Killed a two-headed ogre
  9399 | D:10     | Entered Level 10 of the Dungeon
  9988 | D:10     | Noticed a centaur warrior
  9988 | D:10     | Reached *** piety under the Shining One
 10004 | D:10     | Killed a centaur warrior
 10892 | D:11     | Noticed a cyclops
 10911 | D:11     | Killed a cyclops
 11076 | D:11     | Found Eqavaysm's General Store.
 11082 | D:11     | Bought a scroll of blinking for 97 gold pieces
 11106 | D:11     | Noticed Erica
 11115 | D:11     | Killed Erica
 11260 | D:11     | Noticed an unseen horror
 11265 | D:11     | Killed an unseen horror
 11614 | D:11     | Reached XP level 12. HP: 37/94 MP: 12/12
 11954 | D:11     | Noticed Harold
 11964 | D:11     | Noticed Sonja
 11979 | D:11     | Killed Harold
 11979 | D:11     | Reached skill level 10 in Fighting
 11983 | D:11     | Found a staircase to the Lair.
 12009 | D:11     | Reached skill level 5 in Dodging
 12268 | D:11     | Noticed a sun demon
 13214 | D:11     | Killed Sonja
 13329 | Lair:1   | Entered Level 1 of the Lair of Beasts
 13438 | Lair:1   | Noticed an eight-headed hydra
 13455 | Lair:1   | Killed an eight-headed hydra
 13693 | Lair:1   | Noticed a four-headed hydra
 13719 | Lair:1   | Killed a four-headed hydra
 14264 | Lair:1   | Reached **** piety under the Shining One
 14509 | Lair:1   | Noticed Joseph
 14521 | Lair:1   | Killed Joseph
 14946 | Lair:2   | Reached skill level 5 in Invocations
 15459 | Lair:2   | Lost mutation: Your mind is acute. (Int +2) [potion of mutation]
 15459 | Lair:2   | Lost mutation: You are covered in fur. (AC +1) [potion of mutation]
 15459 | Lair:2   | Gained mutation: You are resistant to hostile enchantments. (MR+) [potion of mutation]
 15609 | Lair:3   | Reached XP level 13. HP: 102/102 MP: 17/17
 15677 | Lair:3   | Found a frozen archway.
 15691 | IceCv    | Entered an ice cave
 16031 | IceCv    | Reached skill level 10 in Armour
 16246 | IceCv    | Noticed an ice dragon
 16247 | IceCv    | Noticed an ice dragon
 16369 | IceCv    | Killed from afar by an ice dragon

Vault maps used:
D:1:      ncdulo_wetmaze
D:2:      xom_teletrap_fun, minmay_tiny_reverse_x
D:3:      first_bread, nicolae_ashenzari_panopticon, uniq_grinder, uniq_jessica
D:4:      serial_shops, shop, uniq_natasha
D:6:      grunt_temple_overflow_open, serial_shops, shop, uniq_blork_the_orc
D:7:      minmay_temple_entry_trees, serial_shops, kennysheep_mini_moat,
          nicolae_shop_stone, shop, shop, shop_statue, uniq_duvessa
D:9:      grunt_livestock, nrook_mini_backslash
D:11:     grunt_lair_entry_orc_guard_hut, serial_shops, shop,
          serial_bayou_pond_c, uniq_sonja, uniq_erica, uniq_harold
Temple:   eino_temple_rhombus
Lair:1:   lemuel_ratsnest, minmay_lair_oklob_chamber, uniq_joseph
Lair:2:   infiniplex_staircase_pool_2, lemuel_fruit_tree
Lair:3:   elwin_shoals_entry_rooms, portal_ice_cave_rime, grunt_megastairs_2
IceCv:    ice_cave_small_dragons

Skill      XL: |  1  2  3  4  5  6  7  8  9 10 11 12 13 |
---------------+----------------------------------------+-----
Maces & Flails | 3 4 7 8 9 12 14 16 | 16.0
Fighting       | 5 9 10 11 | 11.2
Armour         | 4 7 9 10 | 10.0
Dodging        | 2 4 6 7 |  7.2
Invocations    | 5 6 |  6.9
Shields        | |  3.2

Action                   |  1- 3 |  4- 6 |  7- 9 | 10-12 | 13-15 || total
-------------------------+-------+-------+-------+-------+-------++-------
Melee: Flail             |   112 |   171 |   263 |       |       ||   546
       Hand axe          |       |       |    60 |       |       ||    60
       Dire flail        |       |       |    81 |   612 |    89 ||   782
Evoke: Wand              |       |       |       |    10 |       ||    10
  Use: Potion            |       |     3 |     4 |    11 |       ||    18
       Scroll            |       |     1 |    13 |    10 |     1 ||    25
  Eat: Chunk             |     1 |    10 |    15 |    20 |     2 ||    48
       Fruit             |       |       |     3 |     1 |       ||     4
       Royal jelly       |       |       |       |     1 |       ||     1
       Bread ration      |       |       |       |     2 |     1 ||     3
Armor: Scale mail        |    60 |       |       |       |       ||    60
       Ring mail         |     2 |    69 |   118 |   199 |    30 ||   418
Dodge: Dodged            |    45 |   107 |   141 |   311 |    38 ||   642
Block: Shield            |    37 |       |       |       |       ||    37

Table legend:
 A = Spawn XP
 B = Non-spawn XP
 C = Spawn XP percentage of total XP
 D = Spawn monster count
 E = Non-spawn monster count
 F = Spawn count percentage of total count
 G = Total turns spent on level
                    A         B        C        D         E        F      G
               +---------+---------+-------+---------+---------+-------+---------
         Total |       0 |   37738 |   0.0 |       0 |     402 |   0.0 | 16369
               +---------+---------+-------+---------+---------+-------+---------
           D:1 |       0 |      40 |   0.0 |       0 |      13 |   0.0 |   944
           D:2 |       0 |     116 |   0.0 |       0 |      27 |   0.0 |  1365
           D:3 |       0 |     359 |   0.0 |       0 |      23 |   0.0 |  1021
           D:4 |       0 |     395 |   0.0 |       0 |      18 |   0.0 |   823
           D:5 |       0 |     375 |   0.0 |       0 |       8 |   0.0 |  1015
           D:6 |       0 |    1110 |   0.0 |       0 |      29 |   0.0 |  1005
           D:7 |       0 |    1780 |   0.0 |       0 |      31 |   0.0 |  1205
           D:8 |       0 |    2690 |   0.0 |       0 |      48 |   0.0 |   893
           D:9 |       0 |    6303 |   0.0 |       0 |      46 |   0.0 |  1069
          D:10 |       0 |    2115 |   0.0 |       0 |      24 |   0.0 |  1737
          D:11 |       0 |    7599 |   0.0 |       0 |      47 |   0.0 |  2193
        Lair:1 |       0 |    6801 |   0.0 |       0 |      48 |   0.0 |  1485
        Lair:2 |       0 |    1595 |   0.0 |       0 |       7 |   0.0 |   737
        Lair:3 |       0 |    3000 |   0.0 |       0 |      15 |   0.0 |   140
         IceCv |       0 |    3460 |   0.0 |       0 |      18 |   0.0 |   678
               +---------+---------+-------+---------+---------+-------+---------
